AoeStats
← Goose2210

Arena

509437170Analyzed
1v1 RM · 6d ago on Sep 26, 2026· 42m 1s· 2 players
Game mode
Random Map
Map size
Tiny (2 player)
Population
200
Speed
Normal
Resources
Standard
Victory
Conquest
Starting age
Dark Age
Ending age
Imperial Age
RankedLock teamsTeams togetherTeam positionsShared explorationLock speedFull tech treeHidden civsTurbo modeCheats
Victory
Defeat
🇨🇴 Burgundians · Colombia
1231
+17
🇲🇽 Teutons · Mexico
1253
-17
Goose2210
4:29 Double-Bit Axe
7:21 Loom
10:03 Feudal Age
16:06 Castle Age
14:42 Bow Saw
14:25 Horse Collar
15:54 Heavy Plow
16:11 Light Cavalry
27:25 Wheelbarrow
29:23 Imperial Age
27:08 Husbandry
27:41 Gold Mining
27:44 Stone Mining
30:22 Stone Shaft Mining
29:14 Pikeman
29:55 Squires
30:06 Halberdier
32:49 Conscription
34:33 Chemistry
35:01 Hand Cart
35:29 Scale Barding Armor
35:34 Forging
37:59 Iron Casting
38:18 Chain Barding Armor
40:10 Burgundian Vineyards
39:57 Elite Coustillier
reybrujo
7:25 Loom
11:11 Feudal Age
15:13 Castle Age
13:44 Double-Bit Axe
13:58 Horse Collar
16:14 Bow Saw
18:20 Sanctity
22:28 Devotion
28:31 Wheelbarrow
30:55 Imperial Age
28:40 Scale Barding Armor
29:24 Forging
29:55 Chain Barding Armor
30:57 Cavalier
32:33 Plate Barding Armor
32:33 Bloodlines
32:24 Pikeman
33:36 Fletching
34:49 Chemistry
34:12 Ballistics
33:45 Town Watch
35:04 Iron Casting
35:09 Conscription
34:22 Elite Skirmisher
35:41 Bodkin Arrow
36:55 Padded Archer Armor
37:52 Ironclad
37:57 Halberdier
41:08 Blast Furnace
40:43 Leather Archer Armor
Connection lost

Rejoining the realm…

Still unreachable

The connection could not be restored.

Session expired

The server has moved on; the page needs a fresh start.